 Dungeon Crawl Stone Soup version 0.27.0-1-g7a089689b8 (webtiles) character file.

Game seed: 9588347538118155393

198 eccles the Conjurer (level 5, 0/32 HPs)
             Began as an Octopode Conjurer on Aug 2, 2021.
             Slain by a gnoll (10 damage)
             ... on level 4 of the Dungeon.
             The game lasted 00:17:45 (2461 turns).

eccles the Conjurer (Octopode Conjurer)             Turns: 2461, Time: 00:17:46

Health: 0/32       AC:  1    Str:  6    XL:     5   Next: 76%
Magic:  0/9        EV: 14    Int: 27    God:
Gold:   77         SH:  0    Dex: 17    Spells: 3/9 levels left

rFire    . . .     SeeInvis +   c - +0 scimitar (vorpal)
rCold    . . .     Faith    .   (no shield)
rNeg     . . .     Spirit   .   (helmet restricted)
rPois    .         Reflect  .   (no amulet)
rElec    .         Harm     .   e - +6 ring of dexterity
rCorr    .         Rampage  .   g - ring of see invisible
Will     .....                  s - +6 ring of intelligence
Stlth    ++++......             (no ring)
HPRegen  0.10/turn              (no ring)
MPRegen  0.11/turn              (no ring)
                                (no ring)
                                (no ring)

@: no status effects
A: almost no armour, amphibious, 8 rings, camouflage 1, gelatinous body 1,
(nimble swimmer 1), tentacles
a: no special abilities


You were on level 4 of the Dungeon.
You visited 1 branch of the dungeon, and saw 4 of its levels.

You collected 77 gold pieces.

Inventory:

Hand Weapons
 a - a +0 club
 b - a +0 short sword
 c - a +0 vorpal scimitar (weapon)
 d - a +0 hand crossbow
 n - a +2 hunting sling of flaming
Missiles
 i - 32 arrows
 l - 25 poisoned darts (quivered)
 o - 53 stones
Jewellery
 e - a +6 ring of dexterity (left tentacle)
 g - a ring of see invisible (right tentacle)
 s - a +6 ring of intelligence (on tentacle)
Wands
 q - a wand of flame (15)
 t - a wand of iceblast (10)
Scrolls
 j - a scroll of immolation
Potions
 f - a potion of magic
 h - a potion of curing
 k - a potion of mutation {unknown}
 m - a potion of ambrosia
 p - 2 potions of haste
 r - a potion of might


   Skills:
 + Level 0.4 Fighting
 + Level 0.1(1.1) Short Blades
 + Level 2.0 Long Blades
 + Level 0.1 Throwing
 + Level 2.4 Dodging
 + Level 3.6 Stealth
 + Level 2.6 Spellcasting
 + Level 5.4 Conjurations


You had 3 spell levels left.
You knew the following spells:

 Your Spells              Type           Power      Damage    Failure   Level
a - Magic Dart            Conj           100%       1d8       1%          1
b - Searing Ray           Conj           64%        3d5       1%          2
c - Dazzling Flash        Conj/Hex       36%        N/A       9%          3

Your spell library contained the following spells:

 Spells                   Type           Power      Damage    Failure   Level
 Fulminant Prism          Conj/Hex       9%         3d7       30%         4
 Iskenderun's Mystic Bla  Conj/Tloc      18%        2d6       30%         4


Dungeon Overview and Level Annotations

Branches:
Dungeon (4/15)
 Temple: D:4-7

Altars:
Nemelex Xobeh


Innate Abilities, Weirdness & Mutations

You cannot wear most types of armour.
You are amphibious.
You can wear up to eight rings at the same time.
Your skin changes colour to match your surroundings (Stealth+).
Your rubbery body absorbs attacks. (AC +1, EV +1)
((You are camouflaged near water. (Stealth+)))
You have tentacles for arms and can constrict up to eight enemies at once.


Message History

You hear a shout! x2; You hear a bark! x2; You hear a shout!
The searing ray hits the howler monkey!
The howler monkey is almost dead.
The searing ray hits the howler monkey.
You kill the howler monkey!
Your Long Blades skill increases to level 2!
The searing ray misses the gnoll.
You finish channeling your searing ray.
Casting: Searing Ray (safe; 1% risk of failure)
Confirm with . or Enter, or press ? or * to list all spells.
Aiming: Searing Ray (safe; 1% risk of failure)
Press: ? - help, Shift-Dir - straight line, f - gnoll
Aim: a gnoll, wielding a +0 whip (83% to hit)
The searing ray hits the gnoll!
The gnoll is severely wounded.
The searing ray misses the gnoll. (Press . to maintain the ray.)
The searing ray misses the gnoll.
The searing ray hits the gnoll!
The gnoll is severely wounded.
The searing ray misses the gnoll.
Without enough magic to sustain it, your searing ray dissipates.
The gnoll hits you with a +0 whip. The gnoll misses you.
You hit the gnoll.
You kill the gnoll!
The gnoll barely misses you.
Casting: Searing Ray (safe; 1% risk of failure)
Confirm with . or Enter, or press ? or * to list all spells.
Aiming: Magic Dart (safe; 1% risk of failure)
Press: ? - help, Shift-Dir - straight line, f - gnoll
Aim: a gnoll, wielding a +0 halberd (100% to hit)
The magic dart hits the gnoll.
The gnoll is heavily wounded.
The gnoll hits you from afar with a +0 halberd!
The gnoll closely misses you. The gnoll hits you with a +0 halberd.
Things that are here:
a +0 whip; a gnoll corpse You closely miss the gnoll.
Your grab misses the gnoll. You squeeze the gnoll.
The gnoll is heavily wounded.
The gnoll hits you with a +0 halberd.
The gnoll hits you from afar with a +0 spear!
You die...

#≈....#####.# #.#
##≈....#.....##### #.#
#≈≈..............# #.#
#≈≈..............####.#
#≈≈...................#
####≈..#........###.#####
≈≈##≈..#...†....# #.#
≈≈≈≈≈..#.......####.#
........†)....gg@..>#
.......#.......######
.....####......####
.#####............# .#
.............# .#
#...#........# .#
#...#........# ..
.............#
...........#


You could see 2 gnolls.

Vanquished Creatures
  A howler monkey (D:4)
  Jessica (D:2)
  Robin (D:2)
  2 gnolls (D:4)
  3 adders
  2 worms (D:2)
  An adder skeleton (D:4)
  2 dart slugs (D:2)
  5 bats
  5 endoplasms
  4 giant cockroaches
  10 goblins
  4 hobgoblins
  7 jackals
  6 kobolds
  3 ball pythons
  2 frilled lizards
  5 rats
64 creatures vanquished.

Notes
Turn   | Place    | Note
-------+----------+-------------------------------------------
     0 | D:1      | eccles the Octopode Conjurer began the quest for the Orb.
     0 | D:1      | Reached XP level 1. HP: 11/11 MP: 3/3
   325 | D:1      | Found a faded altar of an unknown god.
   338 | D:1      | Reached XP level 2. HP: 12/17 MP: 1/5
   461 | D:1      | Learned a level 2 spell: Searing Ray
   617 | D:1      | Reached XP level 3. HP: 21/21 MP: 2/6
  1126 | D:2      | Noticed Jessica
  1130 | D:2      | Reached skill level 5 in Conjurations
  1132 | D:2      | Killed Jessica
  1133 | D:2      | Reached skill level 1 in Long Blades
  1133 | D:2      | Reached XP level 4. HP: 20/27 MP: 5/7
  1464 | D:2      | Noticed Robin
  1475 | D:2      | Killed Robin
  1732 | D:2      | Reached XP level 5. HP: 31/31 MP: 6/8
  2026 | D:3      | Learned a level 3 spell: Dazzling Flash
  2282 | D:3      | Found a sparkling altar of Nemelex Xobeh.
  2461 | D:4      | Slain by a gnoll

Illustrated notes

Levels and vault maps discovered:
D:1:      minmay_arrival_jagged, layout_loops_cross,
          shapermc_ecumenical_altar_starsandcircs, st_stairs_1
D:2:      minmay_general_purpose_star, layout_rooms, amcnicky_mini_pool_small,
          uniq_robin, uniq_jessica
D:3:      layout_rooms, nemelex_diamond_rough_becter, serial_curves,
          eino_curves_04, eino_curves_03
D:4:      layout_basic, lightli_minifort

Skill      XL: |  1  2  3  4  5 |
---------------+----------------+-----
Stealth        | 3 |  3.6
Conjurations   | 5 |  5.4
Long Blades    | 1 2 |  2.0
Fighting       | |  0.4
Short Blades   | |  0.1
Throwing       | |  0.1
Dodging        | |  2.4
Spellcasting   | |  2.6

Action                   |  1- 3 |  4- 6 || total
-------------------------+-------+-------++-------
Melee: Club              |    18 |       ||    18
       Constrict         |    10 |    10 ||    20
       Tentacles         |     6 |     5 ||    11
       Unarmed           |     2 |       ||     2
       Scimitar          |    10 |    20 ||    30
       Short sword       |     1 |       ||     1
Throw: Dart              |       |     1 ||     1
 Cast: Magic Dart        |    43 |    46 ||    89
       Searing Ray       |       |     2 ||     2
  Use: Scroll            |       |     7 ||     7
Armor: Skin              |     4 |     2 ||     6
Dodge: Dodged            |    37 |    19 ||    56
       Rpst.: Scimitar   |     6 |     6 ||    12
